 Dungeon Crawl Stone Soup version 0.29-a0-275-g389c0b56f3 (webtiles) character file.

Game seed: 14306614981109412892

1738 imambug the Covert (level 9, -1/70 HPs)
             Began as a Naga Transmuter on Mar 10, 2022.
             Was a Believer of Cheibriados.
             Slain by an orc priest
             ... wielding a +0 mace
              (5 damage)
             ... on level 6 of the Dungeon.
             The game lasted 00:11:34 (6610 turns).

imambug the Covert (Naga Transmuter)                Turns: 6610, Time: 00:11:34

Health: -1/70      AC:  5    Str: 19    XL:     9   Next: 5%
Magic:  3/12       EV: 10    Int: 18    God:    Cheibriados [**....]
Gold:   419        SH:  0    Dex: 20    Spells: 1/12 levels left

rFire   . . .      SeeInvis +   t - +2 whip (elec)
rCold   . . .      Faith    .   (no shield)
rNeg    + . .      Spirit   .   a - +1 robe
rPois   +          Reflect  .   (no helmet)
rElec   .          Harm     .   (no cloak)
rCorr   .          Rampage  .   (no gloves)
Will    +....                   (no barding)
Stlth   ++++......              (no amulet)
HPRegen 0.21/turn               m - ring of positive energy
MPRegen 0.13/turn               (no ring)

@: very slow
A: AC +3, large, see invisible, deformed body, poison resistance, slowness 2,
spit poison 1, naga tail 1
a: Spit Poison, Renounce Religion, Bend Time


You were on level 6 of the Dungeon.
You worshipped Cheibriados.
Cheibriados was pleased with you.
You visited 2 branches of the dungeon, and saw 7 of its levels.

You collected 419 gold pieces.

Inventory:

Hand Weapons
 b - a +0 short sword
 d - a +0 dagger
 g - a +0 rapier
 h - the +6 spear of Negec {drain, *Corrode rElec rF+ Int+5}
   (You found it on level 2 of the Dungeon)

   A truly terrible weapon, it drains the life of any living foe it strikes.
   Int:       It affects your intelligence (+5).
   rF:        It protects you from fire.
   rElec:     It insulates you from electricity.
   *Corrode:  It may corrode you when you take damage.
 p - a +0 lajatang
 q - a +1 dagger of protection
 t - a +2 whip of electrocution (weapon)
 x - the +6 whip "Luzaun" {flame, Fly rCorr Int+3}
   (You found it on level 5 of the Dungeon)

   It burns those it strikes, dealing additional fire damage.
   Int:       It affects your intelligence (+3).
   Fly:       It grants you flight.
   rCorr:     It protects you from acid and corrosion.
Missiles
 c - 4 silver boomerangs
Armour
 a - a +1 robe (worn)
Jewellery
 k - a ring of ice
 m - a ring of positive energy (left hand)
Scrolls
 f - 2 scrolls of blinking
 n - 3 scrolls of fog
 u - a scroll of teleportation
 v - a scroll of enchant armour
Potions
 e - 2 potions of lignification
 i - a potion of ambrosia {unknown}
 j - 2 potions of berserk rage
 l - a potion of brilliance {unknown}
 o - a potion of curing {unknown}
 r - a potion of heal wounds
 s - a potion of haste {unknown}


   Skills:
 - Level 1.0 Fighting
 - Level 1.5 Dodging
 + Level 8.8 Stealth
 + Level 6.4 Unarmed Combat
 - Level 2.0 Spellcasting
 + Level 6.0 Transmutations
 + Level 6.8 Poison Magic


You had one spell level left.
You knew the following spells:

 Your Spells              Type           Power      Damage    Failure   Level
a - Beastly Appendage     Tmut           46%        N/A       1%          1
b - Spider Form           Tmut/Pois      25%        N/A       3%          3
c - Mephitic Cloud        Conj/Pois/Air  10%        N/A       22%         3
d - Ice Form              Ice/Tmut       12%        N/A       45%         4

Your spell library contained the following spells:

 Spells                   Type           Power      Damage    Failure   Level
 Magic Dart               Conj           4%         1d3       19%         1
 Wereblood                Tmut           23%        N/A       2%          2
 Call Imp                 Summ           1%         N/A       26%         2
 Ensorcelled Hibernation  Hex/Ice        2%         N/A       26%         2
 Searing Ray              Conj           2%         2d4       26%         2
 Anguish                  Hex/Necr       0%         N/A       87%         4
 Fulminant Prism          Conj/Hex       0%         3d6       87%         4


Dungeon Overview and Level Annotations

Branches:
Dungeon (6/15)             Temple (1/1) D:4

Altars:
Ashenzari
Cheibriados
Elyvilon
Qazlal
Sif Muna
Wu Jian


Innate Abilities, Weirdness & Mutations

Your serpentine skin is tough. (AC +3)
You have supernaturally acute eyesight. (SInv)
Armour fits poorly on your strangely shaped body.
Your system is resistant to poisons. (rPois)
You cover ground very slowly.
You can spit poison.
You have a snake-like lower body.


Message History

Unknown command.
You miss the adder.
The adder is severely wounded.
You feel sick. The adder bites you.
* * * LOW HITPOINT WARNING * * *
The adder bites you but does no damage.
You barely miss the adder.
The adder is severely wounded.
You feel sick. The adder barely misses you.
You barely miss the adder.
The adder is severely wounded.
The adder bites you but does no damage. The adder barely misses you.
You hit the adder.
You kill the adder!
Cheibriados appreciates the change of pace.
You feel sick.
You are no longer poisoned.
You catch the helpless orc priest completely off-guard!
You hit the orc priest but do no damage.
Casting: Mephitic Cloud (dangerous; 22% risk of failure)
Confirm with . or Enter, or press ? or * to list all spells.
Aiming: Mephitic Cloud (dangerous; 22% risk of failure)
Press: ? - help, Shift-Dir - straight line, f/p - orc priest
Aim: an orc priest, wielding a +0 mace and wearing a +0 leather armour (confused, chance to affect: 86%)
The ball explodes into a vile cloud!
The stinking cloud engulfs the orc priest but does no damage.
The orc priest is engulfed in noxious fumes.
The orc priest appears confused.
Unknown command.
Unknown command.
Unknown command.
You hit the orc priest.
The orc priest is moderately wounded.
The orc priest is engulfed in noxious fumes.
The orc priest appears confused.
You strike the helpless orc priest from behind!
You hit the orc priest.
The orc priest is severely wounded.
The orc priest hits you with a +0 mace.
You die...

##...##########.##.
####................##
..........########.##.
####...)..............
##..)..#######.....
##.#.## #......
###.#.# #.#####
#)o)..# #. # #○@.###
#. # #...○○○..# #. #
#.####°#.# # #.#.# #
#.#.# ## #.#.# .. ..
(# ## ## .#


You could see an orc priest (confused).

Vanquished Creatures
  Prince Ribbit (D:6)
  Sigmund (D:5)
  A fire bat (D:4)
  An ogre (D:4)
  4 scorpions
  2 wights (D:6)
  4 hounds
  3 jellies (D:5)
  2 orc priests
  Jessica (D:2)
  6 orc wizards
  4 iguanas (D:5)
  13 adders
  5 gnolls (D:5)
  A shadow imp (D:5)
  An ufetubus (D:5)
  2 worms
  2 dart slugs (D:3)
  20 orcs
  2 ball pythons (D:4)
  7 endoplasms
  2 giant cockroaches (D:2)
  8 goblins
  7 hobgoblins
  6 jackals
  6 kobolds
  4 quokkas
  7 bats
  4 frilled lizards
  3 rats
130 creatures vanquished.

Vanquished Creatures (others)
  5 toadstools (D:5)
5 creatures vanquished.

Grand Total: 135 creatures vanquished

Notes
Turn   | Place    | Note
-------+----------+-------------------------------------------
     0 | D:1      | imambug the Naga Transmuter began the quest for the Orb.
     0 | D:1      | Reached XP level 1. HP: 18/18 MP: 3/3
    85 | D:1      | Reached skill level 1 in Stealth
    86 | D:1      | Reached XP level 2. HP: 9/25 MP: 3/5
   152 | D:1      | Found a faded altar of an unknown god.
  1175 | D:2      | Reached skill level 2 in Stealth
  1268 | D:2      | Noticed Jessica
  1270 | D:2      | Killed Jessica
  1271 | D:2      | Reached XP level 3. HP: 30/31 MP: 6/6
  1525 | D:2      | Learned a level 3 spell: Spider Form
  1784 | D:2      | Reached skill level 3 in Stealth
  1899 | D:2      | Identified the +6 spear of Negec {drain, *Corrode rElec rF+
                  | Int+5}
  1921 | D:2      | Reached XP level 4. HP: 31/38 MP: 7/7
  2393 | D:3      | Reached skill level 1 in Poison Magic
  2571 | D:3      | Reached XP level 5. HP: 44/44 MP: 8/8
  3411 | D:4      | Reached skill level 4 in Stealth
  3448 | D:4      | Noticed an ogre
  3456 | D:4      | Killed an ogre
  3457 | D:4      | Reached XP level 6. HP: 31/51 MP: 9/9
  3722 | D:4      | Found a staircase to the Ecumenical Temple.
  3758 | Temple   | Entered the Ecumenical Temple
  3837 | Temple   | Became a worshipper of Cheibriados the Contemplative
  3970 | D:4      | Learned a level 3 spell: Mephitic Cloud
  4020 | D:4      | Reached skill level 5 in Stealth
  4208 | D:4      | Found a transporter.
  4229 | D:4      | Found a transporter.
  4229 | D:4      | Noticed a fire bat
  4238 | D:4      | Killed a fire bat
  4239 | D:4      | Reached XP level 7. HP: 57/57 MP: 10/10
  4579 | D:5      | Entered Level 5 of the Dungeon
  4629 | D:5      | Noticed Sigmund
  4646 | D:5      | Killed Sigmund
  4647 | D:5      | Reached skill level 6 in Stealth
  4647 | D:5      | Reached skill level 5 in Unarmed Combat
  5197 | D:5      | Reached * piety under Cheibriados
  5520 | D:5      | Reached skill level 5 in Poison Magic
  5520 | D:5      | Reached XP level 8. HP: 64/64 MP: 7/11
  5539 | D:5      | Reached skill level 7 in Stealth
  5745 | D:5      | Reached skill level 5 in Transmutations
  5970 | D:5      | Identified the +6 whip "Luzaun" {flame, Fly rCorr Int+3}
  6085 | D:5      | Reached ** piety under Cheibriados
  6095 | D:5      | Learned a level 4 spell: Ice Form
  6473 | D:6      | Reached skill level 8 in Stealth
  6528 | D:6      | Noticed Prince Ribbit
  6539 | D:6      | Killed Prince Ribbit
  6571 | D:6      | Reached XP level 9. HP: 10/70 MP: 8/12
  6605 | D:6      | HP: 3/70 [poisoned by an adder]
  6610 | D:6      | Slain by an orc priest

Illustrated notes

Levels and vault maps discovered:
D:1:      amcnicky_arrival_feature_with_door, layout_basic,
          dilly_ecumenical_altar_fadedgnrine
D:2:      layout_loops_ring, uniq_jessica
D:3:      layout_basic
D:4:      gammafunk_cloud_chamber, layout_basic, minmay_temple_entry_arrows,
          st_stairs_9, minmay_distorted
D:5:      minmay_chambers_of_threes, layout_basic, minmay_gold_behind_fungi,
          minmay_large_rounded_square, dk_rats_in_the_wall, uniq_sigmund
D:6:      layout_loops_ring, serial_shops, nicolae_take_the_stairs,
          chequers_ossuary_entry_cave, grunt_ministairs_7, uniq_prince_ribbit1
Temple:   regret_index_temple_generic_petals

Skill      XL: |  1  2  3  4  5  6  7  8  9 |
---------------+----------------------------+-----
Stealth        | 1 2 3 4 5 6 8 |  8.8
Poison Magic   | 1 2 3 5 6 |  6.8
Transmutations | 3 4 5 6 |  6.0
Unarmed Combat | 4 5 6 |  6.4
Fighting       | |  1.0
Dodging        | |  1.5
Spellcasting   | |  2.0

Action                   |  1- 3 |  4- 6 |  7- 9 || total
-------------------------+-------+-------+-------++-------
Melee: Unarmed           |    14 |       |    10 ||    24
       Headbutt          |     1 |       |       ||     1
       Short sword       |    20 |       |       ||    20
       Dagger            |    15 |       |       ||    15
       Spear             |    12 |   116 |    96 ||   224
       Punch             |     3 |     2 |     6 ||    11
       Whip              |       |       |    51 ||    51
 Cast: Beastly Appendage |     1 |       |       ||     1
       Mephitic Cloud    |       |       |    19 ||    19
       Spider Form       |       |       |     1 ||     1
 Abil: Spit Poison       |    14 |     1 |     4 ||    19
  Use: Potion            |     1 |     1 |     3 ||     5
       Scroll            |     4 |     6 |     1 ||    11
 Stab: Sleeping          |     4 |    13 |     5 ||    22
       Confused          |       |       |    12 ||    12
Armor: Skin              |     4 |     8 |       ||    12
       Robe              |    11 |    20 |    29 ||    60
Dodge: Dodged            |    20 |    42 |    72 ||   134

Table legend: (Time is in decaauts)
 A = Elapsed time spent in this place.
 B = Non-inter-level travel time spent in this place.
 C = Inter-level travel time spent in this place.
 D = Time resting spent in this place.
 E = Time spent auto-exploring this place.
 F = Levels seen in this place.
 G = Mean time per level.
                   A        B        C        D        E       F      G
               +--------+--------+--------+--------+--------+-----+--------+
         Total |   8644 |   8429 |    215 |    240 |   6669 |   7 | 1234.9 |
       Dungeon |   8481 |   8319 |    162 |    240 |   6587 |   6 | 1413.5 |
        Temple |    163 |    111 |     52 |      0 |     82 |   1 |  163.0 |
               +--------+--------+--------+--------+--------+-----+--------+

Top non-repeatable levels by time:
     D:5: 2627 daAuts
     D:2: 1479 daAuts
     D:4: 1457 daAuts
     D:1: 1380 daAuts
     D:3: 1243 daAuts
     D:6: 292 daAuts
  Temple: 163 daAuts
